[Event "ICC tourney 2022 (75 10)"]
[Site "Internet Chess Club"]
[Date "2020.09.27"]
[Round "4"]
[White "Yucheng"]
[Black "mexicoreal"]
[Result "0-1"]
[ICCResult "White resigns"]
[WhiteElo "1873"]
[BlackElo "2051"]
[Opening "King's Indian: 5.Be2"]
[ECO "E73"]
[NIC "KI.27"]
[Time "13:02:19"]
[TimeControl "4500+10"]

1. d4 Nf6 2. c4 g6 3. Nc3 Bg7 4. e4 d6 5. Be2 Nc6 6. Bg5 h6 7. Be3 e5 8. d5
Ne7 9. Bd3 Ng4 10. Bd2 f5 11. f3 Nf6 12. Nge2 f4 13. g3 g5 14. h4 c5 15.
hxg5 hxg5 16. Rxh8+ Bxh8 17. gxf4 gxf4 18. Kf2 Kf7 19. Qh1 Ng6 20. Rg1 Bd7
21. Bc2 a6 22. a4 a5 23. b3 Qg8 24. Nxf4 exf4 25. e5 Ng4+ 26. fxg4 Bxe5 27.
Qh5 Bd4+ {White resigns} 0-1

[Event "ICC tourney 2022 (75 10)"]
[Site "Internet Chess Club"]
[Date "2020.09.27"]
[Round "4"]
[White "TacoCat5"]
[Black "ruitang"]
[Result "1-0"]
[ICCResult "Black resigns"]
[WhiteElo "1928"]
[BlackElo "1657"]
[Opening "Grünfeld: Russian variation"]
[ECO "D81"]
[NIC "GI.03"]
[Time "13:02:31"]
[TimeControl "4500+10"]

1. d4 Nf6 2. c4 g6 3. Nc3 d5 4. Qb3 dxc4 5. Qxc4 a6 6. Nf3 Nbd7 7. Bf4 c6 8.
e4 Nb6 9. Qb3 Bg7 10. Be2 O-O 11. O-O Be6 12. Qc2 Bc4 13. Rad1 Bxe2 14. Qxe2
e6 15. h3 a5 16. Rfe1 a4 17. a3 Re8 18. Ne5 Nfd7 19. Nf3 Ra5 20. Bg3 Qa8 21.
e5 Nd5 22. Ne4 Ne7 23. Nd6 Rf8 24. Ng5 Nf5 25. Nxf5 exf5 26. e6 f6 27. exd7
fxg5 28. Qe6+ Kh8 29. Bd6 Rg8 30. Qxg8+ Qxg8 31. Re8 Ra8 32. Rxg8+ Kxg8 33.
Be7 {Black resigns} 1-0

[Event "ICC tourney 2022 (75 10)"]
[Site "Internet Chess Club"]
[Date "2020.09.27"]
[Round "4"]
[White "Mapking1"]
[Black "incredibleking"]
[Result "0-1"]
[ICCResult "White checkmated"]
[WhiteElo "1658"]
[BlackElo "1661"]
[Opening "Sicilian: Najdorf, Byrne (English) attack"]
[ECO "B90"]
[NIC "SI.14"]
[Time "13:03:06"]
[TimeControl "4500+10"]

1. e4 c5 2. Nf3 d6 3. d4 cxd4 4. Nxd4 Nf6 5. Nc3 a6 6. Be3 e5 7. Nb3 Be6 8.
f3 Nbd7 9. Qd2 b5 10. a4 b4 11. Nd5 Bxd5 12. exd5 Nb6 13. Bxb6 Qxb6 14. Bd3
Be7 15. a5 Qb7 16. O-O-O O-O 17. Kb1 Qxd5 18. Bxh7+ Kxh7 19. Qxd5 Nxd5 20.
Rxd5 Rac8 21. Re1 Rc7 22. Nd2 Rfc8 23. Rc1 f5 24. b3 Rc5 25. Rxc5 Rxc5 26.
Nc4 e4 27. Rd1 d5 28. Ne3 Bg5 29. Nxd5 e3 30. Nb6 e2 31. Re1 Re5 32. Nc4 Re8
33. g3 f4 34. g4 Bh4 35. g5 Bxe1 36. g6+ Kxg6 37. Ne5+ Rxe5 38. h4 Bxh4 39.
c4 e1=Q+ 40. Kc2 Qc3+ 41. Kb1 Re2 42. c5 Qb2# {White checkmated} 0-1

[Event "ICC tourney 2022 (75 10)"]
[Site "Internet Chess Club"]
[Date "2020.09.27"]
[Round "4"]
[White "kwen2008"]
[Black "cdj12417489"]
[Result "1-0"]
[ICCResult "Black resigns"]
[WhiteElo "1732"]
[BlackElo "1298"]
[Opening "King's Indian: fianchetto, classical variation"]
[ECO "E67"]
[NIC "KI.65"]
[Time "13:02:18"]
[TimeControl "4500+10"]

1. d4 Nf6 2. c4 g6 3. g3 Bg7 4. Bg2 O-O 5. Nf3 d6 6. O-O Nbd7 7. Nc3 e5 8.
e3 exd4 9. exd4 Re8 10. b3 c6 11. Bb2 Nf8 12. Qd2 Bd7 13. Rad1 d5 14. cxd5
cxd5 15. Ne5 Be6 16. Nd3 b6 17. Rc1 Qd7 18. Ne5 Qb7 19. Nb5 Rac8 20. Nd6 Ne4
21. Bxe4 Qb8 22. Rxc8 Rxc8 23. Nxc8 dxe4 24. Ne7+ Kh8 25. N7c6 Qd6 26. d5
Bxd5 27. Nxf7+ Bxf7 28. Qxd6 h5 29. Qxf8+ {Black resigns} 1-0

[Event "ICC tourney 2022 (75 10)"]
[Site "Internet Chess Club"]
[Date "2020.09.27"]
[Round "4"]
[White "Hydracyclops"]
[Black "TheDude865"]
[Result "1/2-1/2"]
[ICCResult "Game drawn by mutual agreement"]
[WhiteElo "1629"]
[BlackElo "1244"]
[Opening "Ruy Lopez: exchange, Gligoric variation"]
[ECO "C69"]
[NIC "RL.08"]
[Time "13:02:13"]
[TimeControl "4500+10"]

1. e4 e5 2. Nf3 Nc6 3. Bb5 a6 4. Bxc6 dxc6 5. O-O f6 6. d4 exd4 7. Qxd4 Qxd4
8. Nxd4 Bc5 9. Be3 Bxd4 10. Bxd4 Bd7 11. Nc3 O-O-O 12. Rad1 h5 13. Rfe1 Rh6
14. e5 Re8 15. exf6 Nxf6 16. Rxe8+ Nxe8 17. Re1 g5 18. Ne4 Re6 19. Kf1 g4
20. c4 Rg6 21. Nc5 b6 22. Nxd7 Kxd7 23. Re5 c5 24. Bc3 Nf6 25. b3 Rh6 26.
Ke2 Kd6 27. f3 gxf3+ 28. Kxf3 Ng4 29. Rd5+ Ke6 30. h3 Nf6 31. Re5+ Kd6 32.
Rf5 Nd7 33. Bd2 Ke6 34. Bxh6 Kxf5 35. g4+ hxg4+ 36. hxg4+ Ke6 37. Bf4 c6 38.
Bc7 b5 39. Kf4 Nf8 40. g5 Ng6+ 41. Kg4 Nh8 42. Kh5 Kf5 43. Bb6 Ke4 44. Bxc5
bxc4 45. bxc4 Kf5 46. Bd4 Ng6 47. c5 Nf4+ 48. Kh6 Ng6 49. a4 Nf8 50. Bf6 Ne6
51. Be7 Nf4 52. Bd6 Ng6 53. a5 Nh4 54. Be7 Ng6 55. Bf6 Nf4 56. Bd8 Ng6 57.
Bc7 Nf8 58. Bg3 Ng6 59. Bh2 Nf8 60. Bg1 Ng6 61. Bd4 Nf8 62. Bc3 Ng6 63. Bd2
Nf8 64. Bc1 Ng6 65. Be3 Nf8 66. Kg7 Ne6+ 67. Kh6 Nf8 68. Bf2 Ng6 69. Bg3 Nf8
70. Bd6 Ng6 71. Bh2 Nf8 {Game drawn by mutual agreement} 1/2-1/2

[Event "ICC tourney 2022 (75 10)"]
[Site "Internet Chess Club"]
[Date "2020.09.27"]
[Round "4"]
[White "rcww2020"]
[Black "ChessJayden"]
[Result "0-1"]
[ICCResult "White resigns"]
[WhiteElo "1598"]
[BlackElo "1376"]
[Opening "Sicilian: Smith-Morra gambit"]
[ECO "B21"]
[NIC "SI.48"]
[Time "13:02:16"]
[TimeControl "4500+10"]

1. e4 c5 2. d4 cxd4 3. c3 dxc3 4. Nxc3 Nc6 5. Nf3 d6 6. Bc4 Nf6 7. e5 d5 8.
exf6 dxc4 9. Qxd8+ Kxd8 10. Ng5 Ke8 11. Nb5 exf6 12. Nc7+ Kd8 13. Nxa8 Bb4+
14. Kf1 fxg5 15. Bxg5+ f6 16. Bf4 Ne5 17. Be3 b6 18. Rd1+ Bd7 19. Bxb6+ axb6
20. Nxb6 Bc5 21. Nxd7 Nxd7 22. g3 Re8 23. a3 Kc7 24. Rd2 Ne5 25. Kg2 Rd8 26.
Rxd8 Kxd8 27. Rd1+ Kc7 28. f4 Nd3 29. b3 Nb2 30. Rd2 c3 31. Rc2 Bd4 32. Kf3
f5 33. Ke2 Kd6 34. h3 Kd5 35. Rc1 Ke4 36. h4 h5 37. a4 Nd3 38. Rc2 Nb4 39.
Rc1 c2 40. a5 Kd5 41. Kd2 Kc5 42. Re1 Bb2 43. Rf1 Kb5 44. Re1 Kxa5 45. Rf1
Kb5 46. Re1 Kc5 47. Rf1 Kd4 48. Re1 Bc3+ {White resigns} 0-1

[Event "ICC tourney 2022 (75 10)"]
[Site "Internet Chess Club"]
[Date "2020.09.27"]
[Round "4"]
[White "JunlinTheWorld"]
[Black "gmcarebear999"]
[Result "1/2-1/2"]
[ICCResult "Game drawn by mutual agreement"]
[WhiteElo "1720"]
[BlackElo "1737"]
[Opening "Sicilian: dragon, Yugoslav attack, Rauser variation"]
[ECO "B76"]
[NIC "SI.17"]
[Time "13:03:09"]
[TimeControl "4500+10"]

1. e4 c5 2. Nf3 d6 3. d4 cxd4 4. Nxd4 Nf6 5. Nc3 g6 6. Be3 Bg7 7. f3 O-O 8.
Qd2 Nc6 9. O-O-O d5 10. Nxc6 bxc6 11. exd5 cxd5 12. Nxd5 Nxd5 13. Qxd5 Qc7
14. Qc5 Qb7 15. Qa3 Rb8 16. c3 Bf5 17. Bd3 Bxc3 18. Qb3 Bxb2+ 19. Kxb2 Qc7
20. Bb5 Qe5+ 21. Bd4 Qxb5 22. Qxb5 Rxb5+ 23. Ka1 e5 24. Bxa7 Ra8 25. Be3 Be6
26. Rd2 Rba5 27. Rg1 Rxa2+ 28. Rxa2 Rxa2+ 29. Kb1 Kg7 30. h4 f5 31. Bc1 Rf2
32. Bb2 Re2 33. f4 {Game drawn by mutual agreement} 1/2-1/2

[Event "ICC tourney 2022 (75 10)"]
[Site "Internet Chess Club"]
[Date "2020.09.27"]
[Round "4"]
[White "chesslin"]
[Black "Vish1080"]
[Result "1-0"]
[ICCResult "Black resigns"]
[WhiteElo "1956"]
[BlackElo "1719"]
[Opening "Queen's pawn, Mason variation"]
[ECO "D00"]
[NIC "QP.08"]
[Time "13:02:15"]
[TimeControl "4500+10"]

1. d4 d5 2. Bf4 Nf6 3. e3 c5 4. Nc3 Nc6 5. Nb5 e5 6. dxe5 Ne4 7. Qxd5 Qxd5
8. Nc7+ Kd8 9. Nxd5 g5 10. Bd3 gxf4 11. Bxe4 fxe3 12. f4 Be6 13. Nxe3 Kc7
14. O-O-O Bh6 15. g3 Nxe5 16. Kb1 Rad8 17. Nf3 Rxd1+ 18. Rxd1 Ng4 19. Nxg4
Bxg4 20. Re1 Bxf3 21. Bxf3 Rd8 22. Kc1 Bf8 23. Re5 Bd6 24. Rh5 Rh8 25. Rh6
Be7 26. Be4 b6 27. Rxh7 Rxh7 28. Bxh7 Kd6 29. Be4 Ke6 30. Kd2 Bf6 31. b3 Bd4
32. Ke2 f5 33. Bb7 Kf6 34. Bc6 Ke7 35. Kf3 Kf6 36. h3 Bc3 37. Bd7 Kg6 38. g4
fxg4+ 39. hxg4 Kf6 40. g5+ Kg6 41. Kg4 Bd4 42. f5+ Kg7 43. f6+ Kg6 44. Be8+
Kh7 45. g6+ Kg8 46. Kf5 Kf8 47. Bf7 b5 48. Bd5 Ke8 49. g7 Kd7 50. g8=Q
{Black resigns}
1-0

[Event "ICC tourney 2022 (75 10)"]
[Site "Internet Chess Club"]
[Date "2020.09.27"]
[Round "4"]
[White "Nikhilp"]
[Black "goodcrowdchess"]
[Result "1-0"]
[ICCResult "Black checkmated"]
[WhiteElo "1832"]
[BlackElo "1599"]
[Opening "Ruy Lopez: closed, Bogolyubov variation"]
[ECO "C91"]
[NIC "RL.20"]
[Time "13:02:29"]
[TimeControl "4500+10"]

1. e4 e5 2. Nf3 Nc6 3. Bb5 a6 4. Ba4 Nf6 5. O-O Be7 6. Re1 b5 7. Bb3 d6 8.
c3 O-O 9. d4 Bg4 10. Be3 Na5 11. Bc2 Nc4 12. Bc1 Nd7 13. b3 Ncb6 14. h3 Bh5
15. g4 Bg6 16. Nbd2 h5 17. Nf1 hxg4 18. hxg4 exd4 19. cxd4 Nf6 20. g5 Nh7
21. Qd2 f6 22. gxf6 Rxf6 23. N1h2 Qf8 24. Bd1 Bh5 25. Qe3 Rg6+ 26. Kh1 Ng5
27. Rg1 Nxf3 28. Rxg6 Bxg6 29. Bxf3 Bf6 30. Bb2 Re8 31. Rg1 Bh7 32. e5 Nd7
33. Bd5+ Kh8 34. exf6 Nxf6 35. Qg5 Nxd5 36. f3 Qf7 37. Bc1 Qf6 38. Qxd5 Re2
39. Bg5 Qg6 40. Bf4 Qf6 41. Bg5 Qg6 42. Bh4 Qh6 43. Qg5 Qe6 44. Qxg7#
{Black checkmated}
1-0

[Event "ICC tourney 2022 (75 10)"]
[Site "Internet Chess Club"]
[Date "2020.09.27"]
[Round "4"]
[White "corviknight"]
[Black "pika0008"]
[Result "1-0"]
[ICCResult "Black resigns"]
[WhiteElo "1818"]
[BlackElo "1603"]
[Opening "Sicilian: Labourdonnais-Löwenthal (Kalashnikov) variation"]
[ECO "B32"]
[NIC "SI.32"]
[Time "13:02:36"]
[TimeControl "4500+10"]

1. e4 c5 2. Nf3 Nc6 3. d4 cxd4 4. Nxd4 e5 5. Nb5 d6 6. c4 Be7 7. N1c3 a6 8.
Na3 f5 9. Be2 Nf6 10. exf5 Bxf5 11. O-O O-O 12. Be3 Qd7 13. Qd2 Ne4 14. Qd5+
Be6 15. Qxe4 Bf5 16. Qd5+ Kh8 17. Qd2 Rf6 18. Nd5 Rg6 19. Nb6 Qe6 20. Nxa8
Bh3 21. g3 Bxf1 22. Bxf1 {Black resigns} 1-0

[Event "ICC tourney 2022 (75 10)"]
[Site "Internet Chess Club"]
[Date "2020.09.27"]
[Round "4"]
[White "ramennoodle"]
[Black "Singireddy"]
[Result "0-1"]
[ICCResult "White resigns"]
[WhiteElo "1896"]
[BlackElo "1878"]
[Opening "King's Indian: London system"]
[ECO "A48"]
[NIC "QP.03"]
[Time "13:02:22"]
[TimeControl "4500+10"]

1. d4 Nf6 2. Nf3 g6 3. Bf4 Bg7 4. Nbd2 d6 5. e4 O-O 6. Bd3 c5 7. c3 cxd4 8.
cxd4 e5 9. Bg5 exd4 10. Nxd4 Qb6 11. Nc4 Qc5 12. Bxf6 Bxf6 13. Nb3 Qb4+ 14.
Qd2 Qxd2+ 15. Nbxd2 Nc6 16. O-O Rd8 17. Rad1 Be6 18. b3 Nb4 19. Bb1 d5 20.
exd5 Nxd5 21. Ne4 Be7 22. h3 f5 23. Ned2 b5 24. Ne5 Nc3 25. Nc6 Nxd1 26.
Nxd8 Rxd8 27. Rxd1 Bb4 28. Re1 Rxd2 29. Rxe6 Rd1+ 30. Kh2 Rxb1 31. Ra6 Bc5
32. Ra5 Bxf2 33. Rxb5 f4 34. h4 Bg3+ 35. Kh3 h5 {White resigns} 0-1

[Event "ICC tourney 2022 (75 10)"]
[Site "Internet Chess Club"]
[Date "2020.09.27"]
[Round "4"]
[White "Averyyu321"]
[Black "Mrpeetapizza"]
[Result "0-1"]
[ICCResult "White resigns"]
[WhiteElo "1763"]
[BlackElo "1899"]
[Opening "Sicilian: Prins (Moscow) variation"]
[ECO "B55"]
[NIC "SI.01"]
[Time "13:02:22"]
[TimeControl "4500+10"]

1. e4 c5 2. Nf3 d6 3. d4 cxd4 4. Nxd4 Nf6 5. f3 Nc6 6. c4 Qb6 7. Nb3 a5 8.
a4 g6 9. Qc2 Nb4 10. Qd1 Bg7 11. Nc3 O-O 12. Nd5 Nfxd5 13. cxd5 f5 14. Nd2
Qe3+ 15. Qe2 Nc2+ 16. Kd1 Qxe2+ 17. Bxe2 Nxa1 18. Bc4 Bd7 19. b3 b5 20. axb5
Rab8 21. Nb1 Bxb5 22. Nd2 Bxc4 23. bxc4 Nb3 24. Ke2 Nxc1+ 25. Rxc1 a4 26.
Kd3 a3 27. Rc2 Bb2 {White resigns} 0-1

[Event "ICC tourney 2022 (75 10)"]
[Site "Internet Chess Club"]
[Date "2020.09.27"]
[Round "4"]
[White "saanvichess"]
[Black "joeandjoe56"]
[Result "1-0"]
[ICCResult "Black resigns"]
[WhiteElo "1672"]
[BlackElo "1793"]
[Opening "Giuoco Piano"]
[ECO "C44"]
[NIC "SO.06"]
[Time "13:02:29"]
[TimeControl "4500+10"]

1. e4 e5 2. Nf3 Nc6 3. d4 exd4 4. Bc4 Bc5 5. c3 Nf6 6. e5 d5 7. Bb5 Ne4 8.
cxd4 Bb6 9. Nc3 O-O 10. Be3 Bg4 11. h3 Bf5 12. O-O Ne7 13. Bd3 Bg6 14. Nh4
Nc6 15. Nxg6 hxg6 16. Bc2 Re8 17. a4 a6 18. Nxe4 dxe4 19. Bxe4 Nxd4 20. a5
Ba7 21. Bxb7 Rb8 22. Bxa6 Rxb2 23. Bc4 Rxe5 24. a6 c5 25. Rb1 Qb6 26. Qd3
Rxb1 27. Rxb1 Qa5 28. Qxg6 Ne2+ 29. Kh1 Re7 30. Qd6 Re8 {Black resigns} 1-0

[Event "ICC tourney 2022 (75 10)"]
[Site "Internet Chess Club"]
[Date "2020.09.27"]
[Round "4"]
[White "imranchamp"]
[Black "Lukastico"]
[Result "1-0"]
[ICCResult "Black resigns"]
[WhiteElo "1835"]
[BlackElo "1906"]
[Opening "French defense"]
[ECO "C11"]
[NIC "FR.04"]
[Time "13:02:49"]
[TimeControl "4500+10"]

1. e4 e6 2. d4 d5 3. Nc3 Nf6 4. exd5 exd5 5. Bd3 Bb4 6. Bd2 O-O 7. Nge2 Bg4
8. O-O Nc6 9. f3 Bh5 10. Nf4 Bg6 11. Nxg6 hxg6 12. Be3 Re8 13. Bf2 Qd7 14.
Ne2 Bd6 15. c3 Ne7 16. Ng3 Nf5 17. Nxf5 gxf5 18. Qc2 g6 19. Rae1 Rxe1 20.
Rxe1 Re8 21. Rxe8+ Qxe8 22. Qe2 Bf4 23. Qxe8+ Nxe8 24. b3 Bd2 25. c4 dxc4
26. bxc4 Bc3 27. Kf1 Ng7 28. d5 b6 29. Bc2 Be5 30. g3 Ne8 31. c5 Nf6 32. f4
Bb2 33. Bb3 Ne4 34. d6 cxd6 35. c6 d5 36. Bxd5 Nd6 37. c7 Kf8 38. Bb7 Ke7
39. c8=Q Nxc8 40. Bxc8 f6 41. Be1 Kd6 42. Bb4+ Kd5 43. h3 Ke4 44. Kg2 Bd4
45. h4 a5 46. Ba3 b5 47. Be7 b4 48. Be6 Bc3 49. Bb3 {Black resigns} 1-0

[Event "ICC tourney 2022 (75 10)"]
[Site "Internet Chess Club"]
[Date "2020.09.27"]
[Round "4"]
[White "PearsonH"]
[Black "ciciwin"]
[Result "1-0"]
[ICCResult "Black resigns"]
[WhiteElo "1784"]
[BlackElo "1579"]
[Opening "Queen's pawn, Mason variation"]
[ECO "D00"]
[NIC "QP.08"]
[Time "13:02:23"]
[TimeControl "4500+10"]

1. d4 d5 2. Bf4 Nf6 3. e3 Bf5 4. Bd3 Bxd3 5. Qxd3 e6 6. Nd2 Nbd7 7. Ngf3 Be7
8. h3 O-O 9. O-O c5 10. c3 Qb6 11. Qc2 Rac8 12. Qb3 c4 13. Qc2 Qc6 14. Ne5
Nxe5 15. Bxe5 b5 16. Rfe1 b4 17. e4 bxc3 18. bxc3 h6 19. Rab1 Rfd8 20. exd5
Nxd5 21. Ne4 Rd7 22. Qb2 Qb6 23. Qxb6 axb6 24. Rec1 Ra7 25. Rc2 Ra3 26. Bd6
Bxd6 27. Nxd6 Rxc3 28. Rxc3 Nxc3 29. Rxb6 Nd5 30. Nxc8 Nxb6 31. Ne7+ Kf8 32.
Nc6 c3 33. Nb4 Nd5 34. Nc2 Ke7 35. Kf1 Kd6 36. g3 Kc6 37. Ke2 Kb5 38. Kd3
Ka4 39. Kc4 Ka5 40. Kb3 Kb5 41. Na3+ Ka5 42. Nc2 Kb5 43. Ne3 Nb4 44. a4+ Ka5
45. Nc4+ Ka6 46. Kxc3 Nd5+ 47. Kb3 g5 48. Ne5 Nf6 49. Nxf7 Ne4 50. Nxh6 Nxf2
51. h4 Ne4 52. Nf7 Nxg3 53. hxg5 Nf5 54. Kc4 Ka5 55. Kc5 Kxa4 56. Nd8 Ng7
57. Kd6 Nf5+ 58. Ke5 Nh4 59. Nxe6 Nf3+ 60. Kf6 Nh4 61. g6 Nxg6 62. Kxg6 Kb5
63. Kf5 Kc6 64. Ke5 Kd7 65. d5 Ke7 66. d6+ Kd7 67. Nd4 Kd8 68. Ke6 Ke8 69.
d7+ Kd8 70. Nc6+ Kc7 71. d8=Q+ {Black resigns} 1-0

[Event "ICC tourney 2022 (75 10)"]
[Site "Internet Chess Club"]
[Date "2020.09.27"]
[Round "4"]
[White "Tombstone"]
[Black "HarleyQueen8"]
[Result "0-1"]
[ICCResult "White checkmated"]
[WhiteElo "1997"]
[BlackElo "1747"]
[Opening "QGA: 3.e4"]
[ECO "D20"]
[NIC "QG.04"]
[Time "13:02:22"]
[TimeControl "4500+10"]

1. d4 d5 2. c4 dxc4 3. e4 e5 4. d5 Nf6 5. Nc3 b5 6. Nxb5 Nxe4 7. Qa4 c6 8.
dxc6 Qb6 9. Be3 Bc5 10. Bxc5 Qxc5 11. O-O-O O-O 12. Qxc4 Qxc4+ 13. Bxc4 Nxf2
14. c7 Na6 15. Bd5 Nxd1 16. Kxd1 Bg4+ 17. Ke1 Rae8 18. h3 Be6 19. Bb7 Bc8
20. Bxa6 Bxa6 21. Nxa7 Re7 22. c8=Q Bxc8 23. Nc6 Rc7 24. Nb4 Be6 25. Ne2 Rd8
26. Nc3 Rd4 27. Nc2 Rd6 28. Na3 Rcd7 29. Rg1 Rd2 30. b3 Rb2 31. Kf1 Rd3 32.
Nab1 Re3 33. Rh1 Bf5 34. Nd5 Bd3+ 35. Kg1 Rxb1+ 36. Kh2 Rxh1+ 37. Kxh1 Re1+
38. Kh2 Ra1 39. h4 Rxa2 40. Nb4 Rd2 41. Nxd3 Rxd3 42. b4 e4 43. b5 e3 44. b6
e2 45. b7 Rb3 46. b8=Q+ Rxb8 47. h5 e1=Q 48. h6 Qh4+ 49. Kg1 Rb1#
{White checkmated}
0-1

[Event "ICC tourney 2022 (75 10)"]
[Site "Internet Chess Club"]
[Date "2020.09.27"]
[Round "4"]
[White "Legal757"]
[Black "kapilank"]
[Result "0-1"]
[ICCResult "White resigns"]
[WhiteElo "1850"]
[BlackElo "1914"]
[Opening "Sicilian: Canal-Sokolsky attack, 3...Bd7"]
[ECO "B52"]
[NIC "SI.01"]
[Time "13:02:25"]
[TimeControl "4500+10"]

1. e4 c5 2. Nf3 d6 3. Bb5+ Bd7 4. Bxd7+ Nxd7 5. O-O Ngf6 6. Qe2 g6 7. Rd1
Bg7 8. c3 Rc8 9. d4 cxd4 10. cxd4 Nb6 11. Nc3 O-O 12. Bg5 h6 13. Bf4 Nh5 14.
Be3 Nc4 15. Bc1 a6 16. b3 Na5 17. Bd2 Nc6 18. e5 dxe5 19. dxe5 Qa5 20. Ne4
Qb5 21. Qxb5 axb5 22. g4 f5 23. exf6 Nxf6 24. Nxf6+ Rxf6 25. Nh4 Rd6 26.
Rac1 Rcd8 27. Nf3 h5 28. h3 hxg4 29. hxg4 Nd4 30. Nxd4 Rxd4 31. Rc2 Bh6 32.
Bxh6 Rxd1+ 33. Kg2 Kf7 34. Be3 Ra8 35. Rc7 Rxa2 36. Rxb7 Rd3 37. Bc5 Rxb3
38. Rxe7+ Kf6 39. Rb7 Kg5 40. Rb6 Kxg4 41. Rxg6+ Kf5 42. Rd6 Rc2 43. Bb6 b4
44. Rd4 Rb1 45. Kf3 Rc3+ 46. Ke2 Rb2+ 47. Rd2 Rcc2 48. Rxc2 Rxc2+ 49. Kd3 b3
50. Ba7 Rc7 51. Bd4 Rd7 {White resigns} 0-1

[Event "ICC tourney 2022 (75 10)"]
[Site "Internet Chess Club"]
[Date "2020.09.27"]
[Round "4"]
[White "Joshua1"]
[Black "meghna"]
[Result "1-0"]
[ICCResult "Black resigns"]
[WhiteElo "1858"]
[BlackElo "1904"]
[Opening "Dutch"]
[ECO "A80"]
[NIC "HD.12"]
[Time "13:02:16"]
[TimeControl "4500+10"]

1. d4 f5 2. Nc3 Nf6 3. Bg5 e6 4. e3 Be7 5. Bd3 b6 6. Nge2 Bb7 7. f3 Nc6 8.
a3 O-O 9. Qd2 a6 10. O-O-O b5 11. Bxf6 Bxf6 12. Rhg1 b4 13. axb4 Nxb4 14.
Rdf1 c6 15. g4 Qa5 16. Kb1 c5 17. gxf5 Bd5 18. Nc1 Nxd3 19. Qxd3 Rab8 20.
Nxd5 exd5 21. Nb3 Qb4 22. dxc5 a5 23. Qxd5+ Kh8 24. Rg4 Qb5 25. Qc4 Qb7 26.
Qa4 Rfe8 27. Re4 Rxe4 28. fxe4 Qa6 29. Rd1 Qe2 30. Rxd7 Qe1+ 31. Ka2 Qxe3
32. c6 h6 33. c7 Rc8 34. Qxa5 Qxe4 35. Rd8+ Bxd8 36. cxd8=Q+ Rxd8 37. Qxd8+
Kh7 38. Qd3 Qa8+ 39. Kb1 Qh1+ 40. Nc1 Kh8 41. h3 Qg1 42. c4 Qc5 43. Qd5 Qe3
44. c5 Qxh3 45. c6 {Black resigns} 1-0

[Event "ICC tourney 2022 (75 10)"]
[Site "Internet Chess Club"]
[Date "2020.09.27"]
[Round "4"]
[White "rmauskopf24"]
[Black "andrewjiang2"]
[Result "1-0"]
[ICCResult "Black resigns"]
[WhiteElo "1747"]
[BlackElo "2002"]
[Opening "QGD: 4.Bg5 Be7"]
[ECO "D53"]
[NIC "QO.14"]
[Time "13:02:36"]
[TimeControl "4500+10"]

1. d4 d5 2. c4 e6 3. Nc3 Nf6 4. Bg5 Be7 5. Nf3 h6 6. Bxf6 Bxf6 7. e3 O-O 8.
Rc1 dxc4 9. Bxc4 b6 10. Bd3 Bb7 11. Be4 c6 12. O-O Qe7 13. Qe2 Na6 14. Bxc6
Bxc6 15. Qxa6 Qb4 16. Qe2 Rac8 17. Ne5 Bxe5 18. dxe5 Qc5 19. f4 Bd5 20. Rfe1
Rfd8 21. Rcd1 Bc4 22. Qf3 Qa5 23. Rd4 Qb4 24. Qf2 Rxd4 25. exd4 a5 26. Rc1
Rd8 27. a3 Qb3 28. Ne4 Bd3 29. Nd6 b5 30. h3 b4 31. axb4 axb4 32. Rc7 Ra8
33. Nxf7 Ra1+ 34. Kh2 Bg6 35. Nxh6+ gxh6 36. Qh4 Bf7 {Black resigns} 1-0

[Event "ICC tourney 2022 (75 10)"]
[Site "Internet Chess Club"]
[Date "2020.09.27"]
[Round "4"]
[White "Roger436"]
[Black "Telos53"]
[Result "0-1"]
[ICCResult "White resigns"]
[WhiteElo "1646"]
[BlackElo "1883"]
[Opening "Pirc: Holmov system"]
[ECO "B07"]
[NIC "PU.07"]
[Time "13:02:39"]
[TimeControl "4500+10"]

1. e4 d6 2. d4 Nf6 3. Nc3 g6 4. Bc4 Bg7 5. Nf3 O-O 6. Bf4 c6 7. Bb3 Nh5 8.
Bg3 Na6 9. Ng5 h6 10. Nh3 c5 11. Ne2 Rb8 12. Nhf4 Nxf4 13. Nxf4 Kh7 14. c3
cxd4 15. cxd4 Qa5+ 16. Qd2 Qxd2+ 17. Kxd2 Bxd4 18. Nd5 e5 19. Bh4 g5 20. Bg3
Nc5 21. Bc2 Be6 22. h4 f6 23. Rh2 g4 24. Nc7 Bxb2 25. Rb1 Bd4 26. Nxe6 Nxe6
27. f3 gxf3 28. gxf3 Rg8 29. Bf2 Bxf2 30. Rxf2 Nd4 31. Bb3 Nxb3+ 32. Rxb3 b6
33. Rd3 Rgd8 34. Kc3 Rbc8+ 35. Kb4 a6 36. Ra3 Ra8 37. Rd2 Rd7 38. Rad3 Rad8
39. h5 Kg7 40. Kc4 Kf7 41. Rd5 Ke6 42. Rg2 Rc7+ 43. Kb4 Rdd7 44. f4 exf4 45.
Rf2 Rg7 46. Rxf4 Rg5 47. Rf3 Rxd5 48. exd5+ Ke5 49. Ra3 f5 50. Rxa6 f4 51.
Rxb6 f3 52. Rb8 Rf7 53. Re8+ Kxd5 54. Re1 f2 55. Rf1 Ke4 56. a4 Ke3 57. a5
Ke2 58. Ra1 f1=Q 59. Rxf1 Rxf1 60. a6 Ra1 61. Kb5 d5 62. Kb6 d4 63. a7 d3
64. Kb7 d2 65. a8=Q Rxa8 66. Kxa8 d1=Q {White resigns} 0-1

[Event "ICC tourney 2022 (75 10)"]
[Site "Internet Chess Club"]
[Date "2020.09.27"]
[Round "4"]
[White "mydogeatschess"]
[Black "pangpangba"]
[Result "0-1"]
[ICCResult "White forfeits on time"]
[WhiteElo "1860"]
[BlackElo "1672"]
[Opening "Sicilian: Canal-Sokolsky (Nimzovich-Rossolimo, Moscow) attack"]
[ECO "B51"]
[NIC "SI.01"]
[Time "13:03:58"]
[TimeControl "4500+10"]

1. e4 c5 2. Nf3 d6 3. Bb5+ Nd7 4. c3 Nf6 5. Qe2 a6 6. Ba4 b5 7. Bc2 Bb7 8.
d4 e5 9. O-O Qc7 10. d5 c4 11. a4 Nc5 12. axb5 axb5 13. Rxa8+ Bxa8 14. Na3
Qb6 15. h3 Be7 16. Be3 O-O 17. Nh4 g6 18. Bg5 Nxd5 19. Bxe7 Nxe7 20. Rd1 Kg7
21. Qg4 Qc6 22. Nf5+ Nxf5 23. exf5 Nd7 24. f3 Nf6 25. Qg3 Nh5 26. Qf2 Nf4
27. Be4 Qd7 28. Bxa8 Rxa8 29. fxg6 fxg6 30. Qb6 Qe7 31. Qxd6 Qg5 32. Qd7+
Kh6 33. Qg4 Qxg4 34. hxg4 Ne2+ 35. Kf2 Nxc3 36. Re1 Na4 37. Nxb5 Nxb2 38.
Ke3 Rc8 39. Nc3 Rd8 40. Rb1 Rd3+ 41. Ke4 Rxc3 42. Rxb2 Rc1 43. Rb5 Re1+ 44.
Kd5 c3 45. Rc5 Re3 46. Rc7 Kg5 47. Rxh7 c2 48. Rc7 Re2 49. g3 Re3 50. Rxc2
Rxf3 51. Kxe5 Kxg4 52. Rc6 g5 53. Rg6 Rxg3 54. Ke4 Kh3 55. Kf5 g4 56. Rh6+
Kg2 57. Kf4 Rh3 58. Ra6 Rh4 59. Kg5 Kh3 60. Ra4 Rh8 61. Ra3+ g3 62. Kf4 Rg8
63. Ra7 Kh2 64. Rh7+ Kg1 65. Kf3 g2 66. Ra7 Rh8 67. Ra1+ Kh2 68. Ra2 Rf8+
69. Kg4 Kh1 {White forfeits on time} 0-1